 Dungeon Crawl Stone Soup version 0.19.1 (webtiles) character file.

161 nikopol the Skirmisher (level 5, -5/34 HPs)
             Began as a Gargoyle Berserker on Dec 21, 2016.
             Was a Believer of Trog.
             Slain by an ogre
             ... wielding a +0 giant spiked club
              (6 damage)
             ... on level 4 of the Dungeon.
             The game lasted 00:06:24 (2848 turns).

nikopol the Skirmisher (Gargoyle Berserker)         Turns: 2848, Time: 00:06:24

Health: -5/34      AC: 15    Str: 21    XL:     5   Next: 42%
Magic:  5/5        EV: 10    Int:  7    God:    Trog [**....]
Gold:   223        SH:  0    Dex: 10    Spells: 0 memorised, 4 levels left

rFire  . . .     SeeInvis .     a - +0 hand axe
rCold  . . .     Gourm    .     m - +1 scale mail
rNeg   + . .     Faith    .     (no shield)
rPois  ∞         Spirit   .     h - +2 helmet
rElec  +         Reflect  .     (no cloak)
rCorr  .         Harm     .     (no gloves)
MR     .....                    (no boots)
Stlth  ..........               (no amulet)
                                (no ring)
                                (no ring)

@: no status effects
A: negative energy resistance 1, electricity resistance, unbreathing,
petrification resistance, rot immunity, AC +4
a: Berserk, Trog's Hand, Burn Spellbooks, Renounce Religion


You were on level 4 of the Dungeon.
You worshipped Trog.
Trog was pleased with you.
You were hungry.

You visited 1 branch of the dungeon, and saw 4 of its levels.

You collected 223 gold pieces.

Inventory:

Hand Weapons
 a - a +0 hand axe (weapon)
Missiles
 o - 30 arrows (quivered)
Armour
 b - a +0 animal skin
 h - a +2 helmet (worn)
 m - a +1 scale mail (worn)
 p - a +0 ring mail
Scrolls
 f - 2 scrolls of enchant armour
 k - 3 scrolls of identify
 l - a scroll of noise {unknown}
 r - 2 scrolls of remove curse
Potions
 d - a potion of lignification {unknown}
 e - 3 potions of brilliance
 j - 2 potions of curing {unknown}
 q - a potion of invisibility {unknown}
 u - a potion of degeneration {unknown}
Comestibles
 c - a bread ration
 g - 3 meat rations
 i - 6 fruits
 n - 2 slices of pizza
 t - 2 chunks of flesh


   Skills:
 + Level 4.3 Fighting
 + Level 3.6 Axes
 + Level 3.2 Armour
 + Level 2.6 Dodging


You had 4 spell levels left.
You didn't know any spells.

Dungeon Overview and Level Annotations

Branches:
Dungeon (4/15)
 Temple: D:4-7

Altars:


Innate Abilities, Weirdness & Mutations

You are resistant to torment.
Your stone body is resilient. (AC +4)
You are immune to poison.
You resist negative energy. (rN+)
You are resistant to electric shocks. (rElec)
You can survive without breathing.
You are immune to petrification.
You are immune to rotting.


Message History

You barely miss the leopard gecko. The leopard gecko barely misses you.
The ogre barely misses you. The leopard gecko closely misses you.
You hit the ogre.
The ogre is moderately wounded.
You completely miss the leopard gecko.
The phantom blinks!
The leopard gecko bites you but does no damage.
The ogre closely misses you.
You hit the ogre.
The ogre is moderately wounded.
You hit the leopard gecko but do no damage.
The leopard gecko bites you.
* * * LOW HITPOINT WARNING * * *
The phantom blinks!
You slash the ogre!
The ogre is severely wounded.
You hit the leopard gecko.
You kill the leopard gecko!
Trog accepts your kill.
The ogre hits you with a giant spiked club.
You die...

#% #.. #. #.# .. ...
#. #.# # #. #.# ##.#.
#.#######.
#...|#######§........
#..(O@..§.....#
#.#.########.## #
###.### #.....#
#.###.# #. #.#
#.###.# #.....# #
###.######.#.


You could see an ogre.

Vanquished Creatures
  Jessica (D:2)
  A hound skeleton (D:3)
  4 adders
  3 worms
  3 dart slugs
  2 leopard geckos
  2 orcs
  2 giant cockroaches
  11 goblins
  12 hobgoblins
  6 kobolds
  A quokka (D:2)
  2 ball pythons (D:1)
  8 bats
  3 frilled lizards
  6 rats
67 creatures vanquished.

Notes
Turn   | Place    | Note
-------+----------+-------------------------------------------
     0 | D:1      | nikopol the Gargoyle Berserker began the quest for the Orb.
     0 | D:1      | Reached XP level 1. HP: 14/14 MP: 1/1
   129 | D:1      | Reached XP level 2. HP: 19/19 MP: 2/2
   601 | D:1      | Reached XP level 3. HP: 23/23 MP: 3/3
  1156 | D:2      | Reached ** piety under Trog
  1235 | D:2      | Noticed Jessica
  1237 | D:2      | Killed Jessica
  1237 | D:2      | Reached skill level 4 in Fighting
  1237 | D:2      | Reached XP level 4. HP: 22/29 MP: 4/4
  1926 | D:2      | Reached XP level 5. HP: 32/33 MP: 5/5
  2356 | D:3      | Found a faded altar of an unknown god.
  2787 | D:4      | Noticed a phantom
  2843 | D:4      | Noticed an ogre
  2847 | D:4      | HP: 1/34 [leopard gecko (2)]
  2848 | D:4      | Slain by an ogre

Skill      XL: |  1  2  3  4  5 |
---------------+----------------+-----
Axes           | 3 |  3.6
Dodging        | 2 |  2.6
Fighting       | 4 |  4.3
Armour         | 3 |  3.2

Action                   |  1- 3 |  4- 6 || total
-------------------------+-------+-------++-------
Melee: Hand axe          |   114 |   169 ||   283
  Use: Scroll            |       |     6 ||     6
  Eat: Chunk             |     1 |     5 ||     6
Armor: Animal skin       |    40 |    10 ||    50
       Ring mail         |       |    52 ||    52
       Scale mail        |       |    17 ||    17
Dodge: Dodged            |    77 |    96 ||   173
